 Dungeon Crawl Stone Soup version 0.22-a0-803-gd6d8abe (webtiles) character file.

128 Amnesiac the Magician (level 4, 0/30 HPs)
             Began as a Mummy Earth Elementalist on July 22, 2018.
             Slain by an orc
             ... wielding a +0 whip
              (7 damage)
             ... on level 2 of the Dungeon.
             The game lasted 00:02:59 (1088 turns).

Amnesiac the Magician (Mummy Earth Elementalist)    Turns: 1088, Time: 00:02:59

Health: 0/30       AC:  2    Str: 11    XL:     4   Next: 87%
Magic:  10/10      EV: 12    Int: 15    God:
Gold:   48         SH:  0    Dex: 12    Spells: 1/11 levels left

rFire    x . .     SeeInvis .   b - +0 falchion (drain)
rCold    + . .     Gourm    .   (no shield)
rNeg     + + +     Faith    .   c - +0 robe
rPois    ∞         Spirit   .   (no helmet)
rElec    .         Reflect  .   (no cloak)
rCorr    .         Harm     .   (no gloves)
MR       .....                  (no boots)
Stlth    ++........             (no amulet)
HPRegen  0.10/turn              (no ring)
MPRegen  0.12/turn              (no ring)

@: no status effects
A: no food or potions, fire vulnerability, cold resistance 1, negative energy
resistance 3, torment resistance, unbreathing
a: no special abilities


You were on level 2 of the Dungeon.
You were not hungry.

You visited 1 branch of the dungeon, and saw 3 of its levels.

You collected 48 gold pieces.

Inventory:

Hand Weapons
 a - a +0 hunting sling
 b - a +0 falchion of draining (weapon)
Missiles
 e - 34 sling bullets
 h - 12 stones (quivered)
Armour
 c - a +0 robe (worn)
Scrolls
 d - a scroll of teleportation {!r, unknown}
 f - 2 scrolls of remove curse {!r, unknown}
 g - 2 scrolls of identify {!r, unknown}


   Skills:
 - Level 1.5 Dodging
 - Level 1.5 Stealth
 + Level 4.1 Spellcasting
 - Level 0.7 Transmutations
 * Level 4.1 Earth Magic


You had one spell level left.
You knew the following spells:

 Your Spells              Type           Power        Failure   Level  Hunger
a - Sandblast             Erth           ###...       3%          1    N/A
b - Passwall              Tmut/Erth      ##......     10%         2    N/A
c - Stone Arrow           Conj/Erth      #.....       22%         3    N/A
e - Petrify               Tmut/Erth      ##......     54%         4    N/A

Your spell library contained the following spells:

 Spells                   Type           Power        Failure   Level  Hunger
 Lee's Rapid Deconstruct  Erth           ###.......   65%         5    N/A

Dungeon Overview and Level Annotations

Branches:
Dungeon (3/15)

Altars:
Okawaru
Trog


Innate Abilities, Weirdness & Mutations

You do not eat or drink.
Your flesh is vulnerable to fire.
You are immune to poison.
Your flesh is cold resistant. (rC+)
You are immune to negative energy. (rN+++)
You are immune to unholy pain and torment.
You can survive without breathing.


Message History

Adjust (i)tems, (s)pells, or (a)bilities?
Adjust which item? (? for menu, Esc to quit)
d - a +0 hunting sling (weapon)
Adjust to which letter? (? for menu, Esc to quit)
a - a +0 hunting sling (weapon);
d - a scroll labeled ISYFRO DOFUSE {!r} Adjust (i)tems, (s)pells, or (a)bilities?
Adjust which item? (? for menu, Esc to quit)
h - a falchion of draining Adjust to which letter? (? for menu, Esc to quit)
b - a falchion of draining;
h - 12 stones You sense an unholy aura.
b - a +0 falchion of draining (weapon)
Found a club.
You now have 48 gold pieces (gained 14).
HP restored.
Found a ration.
An orc comes into view. It is wielding a whip.
You see here a club.
Found a faded altar of an unknown god.
The goblin hits you but does no damage.
You hit the goblin.
The goblin is moderately wounded.
The goblin hits you with a club.
You hit the goblin.
You kill the goblin!
No target in view!
No target in view!
The orc shouts!
You hear a shout!
An orc comes into view. It is wielding a short sword.
Things that are here:
a club; a robe; a goblin corpse You hit the orc.
The orc is moderately wounded.
The orc closely misses you.
You riposte.
You closely miss the orc.
The orc is moderately wounded.
The orc closely misses you.
You closely miss the orc.
The orc is moderately wounded.
The orc hits you with a whip.
You hit the orc.
You kill the orc!
No target in view!
No target in view!
You start resting.
An orc comes into view. It is wielding a whip.
You see here a whip.
The orc shouts!
You hear a shout! x2
An orc priest comes into view. It is wielding a short sword.
You see here a whip.
You see here a leopard gecko corpse.
You see here a hobgoblin corpse.
There is a stone staircase leading up here.
The orc hits you with a whip.
There is a stone staircase leading up here.
The orc priest mumbles some strange prayers to Beogh against you.
Beogh smites you!
* * * LOW HITPOINT WARNING * * *
The orc hits you with a whip.
* * * LOW HITPOINT WARNING * * *
You climb upwards.
There is a stone staircase leading down here.
You are too injured to fight recklessly!
The orc hits you with a whip!
You die...

####### #...o>#
#.###@#
...#####.#
#.##############
........)#
#.....[........#
#######..#
##############.#
#.......# #.#
######.## #.#
####.########
######.##
#............
.........##
#...........#
#.###..#...


You could see an orc.

Vanquished Creatures
  A bullfrog (D:2)
  3 adders
  A dart slug (D:1)
  A leopard gecko (D:3)
  An orc (D:3)
  5 giant cockroaches (D:2)
  5 goblins
  4 hobgoblins
  4 jackals (D:2)
  A kobold (D:2)
  5 bats (D:1)
  2 frilled lizards (D:2)
  2 rats
35 creatures vanquished.

Notes
Turn   | Place    | Note
-------+----------+-------------------------------------------
     0 | D:1      | Amnesiac the Mummy Earth Elementalist began the quest for the Orb.
     0 | D:1      | Reached XP level 1. HP: 13/13 MP: 4/4
   123 | D:2      | Reached XP level 2. HP: 14/19 MP: 1/6
   152 | D:2      | Learned a level 2 spell: Passwall
   312 | D:2      | Noticed a bullfrog
   318 | D:2      | Killed a bullfrog
   318 | D:2      | Reached XP level 3. HP: 2/24 MP: 0/8
   318 | D:2      | Reached XP level 4. HP: 3/30 MP: 0/9
   618 | D:2      | Found a bloodstained altar of Trog.
   650 | D:2      | Found an iron altar of Okawaru.
   933 | D:2      | Learned a level 3 spell: Stone Arrow
   938 | D:2      | Learned a level 4 spell: Petrify
  1043 | D:3      | Found a faded altar of an unknown god.
  1088 | D:2      | Slain by an orc

Vault maps used:
D:1:      ncdulo_halloftheorcs, serial_corexii_hall, corexii_hall_statues_t,
          corexii_hall_statues_t
D:2:      kennysheep_vampire_church, okawaru_trees_2, trog_three_pillars_becter
D:3:      lemuel_round_altar, first_ration,
          chequers_ecumenical_altar_simple_redux

Skill      XL: |  1  2  3  4 |
---------------+-------------+-----
Spellcasting   | 3 4 |  4.1
Earth Magic    | 3 4 |  4.1
Dodging        | |  1.5
Stealth        | |  1.5
Transmutations | |  0.7

Action                   |  1- 3 |  4- 6 || total
-------------------------+-------+-------++-------
Melee: Unarmed           |    34 |       ||    34
       Falchion          |       |     5 ||     5
 Fire: Hunting sling     |       |    33 ||    33
 Cast: Sandblast         |    17 |    20 ||    37
Armor: Robe              |    25 |    11 ||    36
Dodge: Dodged            |    48 |    25 ||    73
       Rpst.: Falchion   |       |     1 ||     1

Table legend:
 A = Spawn XP
 B = Non-spawn XP
 C = Spawn XP percentage of total XP
 D = Spawn monster count
 E = Non-spawn monster count
 F = Spawn count percentage of total count
 G = Total turns spent on level
                    A         B        C        D         E        F      G
               +---------+---------+-------+---------+---------+-------+---------
         Total |       0 |     184 |   0.0 |       0 |      35 |   0.0 |  1088
               +---------+---------+-------+---------+---------+-------+---------
           D:1 |       0 |      16 |   0.0 |       0 |       9 |   0.0 |   532
           D:2 |       0 |     129 |   0.0 |       0 |      19 |   0.0 |   407
           D:3 |       0 |      39 |   0.0 |       0 |       7 |   0.0 |   149
               +---------+---------+-------+---------+---------+-------+---------
